 Dungeon Crawl Stone Soup version 0.29.0-15-g675c0067aa (webtiles) character file.

Game seed: 16058097764573416876

5 qw the Sneak (level 1, -2/14 HPs)
             Began as a Gargoyle Delver on Sept 11, 2022.
             Slain by a scorpion (7 damage)
             ... on level 5 of the Dungeon.
             The game lasted 00:00:03 (131 turns).

qw the Sneak (Gargoyle Delver)                       Turns: 131, Time: 00:00:03

Health: -2/14      AC:  5    Str: 15    XL:     1   Next: 80%
Magic:  1/1        EV: 11    Int: 10    God:
Gold:   9          SH:  0    Dex: 11    Spells: 0/0 levels left

rFire   . . .      SeeInvis .   a - +0 hand axe
rCold   . . .      Faith    .   (no shield)
rNeg    + . .      Spirit   .   b - +0 leather armour
rPois   inf        Reflect  .   (no helmet)
rElec   +          Harm     .   (no cloak)
rCorr   .          Rampage  .   (no gloves)
Will    .....                   (no boots)
Stlth   +++.......              (no amulet)
HPRegen 0.04/turn               (no ring)
MPRegen 0.07/turn               (no ring)

@: no status effects
A: sickness immunity, AC +2, negative energy resistance 1, electricity
resistance, torment resistance 1, petrification resistance
a: no special abilities


You were on level 5 of the Dungeon.
You visited 1 branch of the dungeon, and saw 1 of its levels.

You collected 9 gold pieces.


Innate Abilities, Weirdness & Mutations

You are immune to sickness and miasma.
Your stone body is resilient. (AC +2)
You are immune to poison.
You resist negative energy. (rN+)
You are resistant to electric shocks. (rElec)
You are resistant to unholy torment.
You are immune to petrification.


   Skills:
 - Level 3.2 Fighting
 + Level 2.2 Axes
 - Level 1.5 Dodging
 - Level 5.4 Stealth


You couldn't memorise any spells.
You didn't know any spells.
Your spell library was empty.

Inventory:

Hand Weapons
 a - a +0 hand axe (weapon)
Armour
 b - a +0 leather armour (worn)
Wands
 g - a wand of digging (3)
Scrolls
 c - a scroll of fog
 d - a scroll of magic mapping
 e - a scroll of fear
 h - a scroll of butterflies {unknown}
Potions
 f - a potion of haste

Dungeon Overview and Level Annotations

Branches:
Dungeon (5/15)
 Temple: D:4-7

Altars:


Message History

HP restored.
You hear the slow rusting of a very distant drain.
You see here a quokka corpse.
You now have 9 gold pieces.
An orc comes into view. It is wielding a +0 whip.
The orc shouts!
You hear a shout!
A hound comes into view.
An orc comes into view. It is wielding a +0 club.
Enter note:
116 ||| Stepping ~*~*~tactically~*~*~ (stealth).
A scorpion comes into view.
You hit the orc but do no damage. You barely miss the orc.
You hit the orc but do no damage. The orc hits you but does no damage.
The orc hits you with a +0 club.
You hit the orc.
The orc is lightly wounded.
You closely miss the orc. The orc completely misses you.
The orc hits you but does no damage.
You hit the orc.
The orc is severely wounded.
You closely miss the orc. The orc completely misses you.
The orc hits you but does no damage. The orc barely misses you.
The orc hits you with a +0 club.
You hit the orc.
You kill the orc!
You closely miss the orc. The orc misses you.
Your Axes skill increases to level 2!
You hit the orc. Your punch misses the orc.
The orc is severely wounded.
The orc closely misses you.
You hit the orc.
You kill the orc!
The scorpion stings you.
You barely miss the scorpion. The scorpion barely misses you.
You closely miss the scorpion. Your punch misses the scorpion.
The scorpion barely misses you. The scorpion stings you!
Ouch! That really hurt!
You die...

..h.o #.. ....o
#.. . ......#.. .#
....#.. .. ...#..
.. ###.. .## .#
#....##s#..#
##.)@.# .
#..##.#..#
#...#.##..#
#####....##
#..#.##..#
#..##.#..#
###....##
#####+######..##.#
#.....#.....#.# ..


You could see a scorpion.

Vanquished Creatures
  2 orcs (D:5)
  A quokka (D:5)
3 creatures vanquished.

Notes
Turn   | Place    | Note
-------+----------+-------------------------------------------
     0 | D:5      | qw the Gargoyle Delver began the quest for the Orb.
     0 | D:5      | Reached XP level 1. HP: 14/14 MP: 1/1
     0 | D:5      | 0 ||| qw: Version: 0.1-a-118-gb4e7ce6
     0 | D:5      | 0 ||| qw: Game counter: 10583
     0 | D:5      | 0 ||| qw: Always use a shield: true
     0 | D:5      | 0 ||| qw: God list: Okawaru
     0 | D:5      | 0 ||| qw: Allow faded altars: false
     0 | D:5      | 0 ||| qw: Do Orc after D:15 true
     0 | D:5      | 0 ||| qw: Do second Lair branch before Depths: true
     0 | D:5      | 0 ||| qw: Lair rune preference: random
     0 | D:5      | 0 ||| qw: Plans: Normal
     0 | D:5      | 0 ||| PLANNING D:1-11
   115 | D:5      | Noticed a hound
   116 | D:5      | 116 ||| Stepping ~*~*~tactically~*~*~ (stealth).
   117 | D:5      | Noticed a scorpion
   131 | D:5      | Slain by a scorpion

Levels and vault maps discovered:
D:5:      layout_gridville, grunt_nemelex_the_gamble, portal_sewer_entry_e,
          nicolae_eternal_life

Skill      XL: |  1 |
---------------+----+-----
Axes           | 2 |  2.2
Fighting       | |  3.2
Dodging        | |  1.5
Stealth        | |  5.4

Action                   || total
-------------------------++-------
Melee: Hand axe          ||    15
Armor: Leather armour    ||     5
Dodge: Dodged            ||    10

Table legend:
 A = Non-vault XP
 B = Vault XP
 C = Vault XP percentage of total XP
 D = Non-vault monster count
 E = Vault monster count
 F = Vault count percentage of total count
                 A         B        C        D         E       F
            +---------+---------+-------+---------+---------+-------
      Total |       8 |       0 |   0.0 |       3 |       0 |   0.0
            +---------+---------+-------+---------+---------+-------
        D:5 |       8 |       0 |   0.0 |       3 |       0 |   0.0
            +---------+---------+-------+---------+---------+-------
